 Dungeon Sprint DCSS version 0.20-a0-1062-g7b787ac (webtiles) character file.

832 Kidiri the Thaumaturge (level 7, -4/44 HPs)
             Began as a Deep Elf Fire Elementalist on Apr 27, 2017.
             Was a Follower of Vehumet.
             Killed from afar by a necromancer (20 damage)
             ... with a bolt of fire
             ... in the Dungeon (Sprint III: "The Ten Rune Challenge").
             The game lasted 00:03:44 (581 turns).

Kidiri the Thaumaturge (Deep Elf Fire Elementalist)  Turns: 581, Time: 00:03:45

Health: -4/44      AC:  2    Str:  5    XL:     7   Next: 65%
Magic:  14/24      EV: 17    Int: 22    God:    Vehumet [*.....]
Gold:   38         SH:  0    Dex: 15    Spells: 1/29 levels left

rFire    . . .     SeeInvis .   j - +0 dagger
rCold    . . .     Gourm    .   (no shield)
rNeg     . . .     Faith    .   a - +0 robe
rPois    .         Spirit   .   (helmet restricted)
rElec    .         Reflect  .   (no cloak)
rCorr    .         Harm     .   (no gloves)
MR       .....     NoTele   +   (no boots)
Stlth    ++........             (no amulet)
Regen    0.2/turn               (no ring)
MPRegen  0.2/turn               (no ring)

@: no status effects
A: beak, mutation resistance 1
a: Renounce Religion


You were in the Dungeon.
You worshipped Vehumet.
Vehumet was aware of your devotion.
You were not hungry.

You visited 1 branch You collected 38 gold pieces.

Inventory:

Hand Weapons
 j - a +0 dagger (weapon)
Armour
 a - a +0 robe (worn)
Scrolls
 i - a scroll of blinking
 k - a scroll of torment
 m - a scroll of remove curse
 p - a scroll of immolation {unknown}
 q - a scroll of enchant weapon {unknown}
Potions
 d - a potion of curing
 e - 3 potions of heal wounds
 f - a potion of haste
 g - 2 potions of magic
 h - 2 potions of berserk rage
 o - 2 potions of flight
Books
 u - a book of the Dragon

   Spells                             Type                      Level
   a - Flame Tongue                   Conjuration/Fire             1
   b - Cause Fear                     Hexes                        4
   c - Bolt of Fire                   Conjuration/Fire             6
   d - Dragon Form                    Transmutation                7
   e - Dragon's Call                  Summoning                    9
Comestibles
 c - a bread ration
 n - 4 fruits
 r - a meat ration
 s - 7 chunks of flesh


   Skills:
 + Level 4.7 Fighting
 + Level 4.2 Short Blades
 + Level 4.8 Armour
 + Level 7.6 Dodging
 - Level 2.4 Stealth
 * Level 11.5 Spellcasting
 + Level 6.5 Conjurations
 + Level 7.4 Fire Magic
 + Level 1.9 Air Magic
 + Level 2.1 Poison Magic


You had one spell level left.
You knew the following spells:

 Your Spells              Type           Power        Failure   Level  Hunger
a - Flame Tongue          Conj/Fire      #####        1%          1    None
b - Throw Flame           Conj/Fire      #####.       1%          2    None
c - Conjure Flame         Conj/Fire      #####...     1%          3    None
d - Inner Flame           Hex/Fire       ####....     3%          3    None
e - Sticky Flame          Conj/Fire      #####...     2%          4    None
f - Fireball              Conj/Fire      #####.....   8%          5    ####...
g - Mephitic Cloud        Conj/Pois/Air  ####....     3%          3    None
h - Bolt of Fire          Conj/Fire      #####.....   41%         6    #####..
i - Shock                 Conj/Air       ####         1%          1    None


Dungeon Overview and Level Annotations

Branches:
Dungeon (1/1)

Altars:
Dithmenos
Elyvilon
Kikubaaqudgha
Okawaru
Ru
Sif Muna
Trog
Uskayaw
Vehumet
Wu Jian
Yredelemnul
Zin
The Shining One
Beogh


Innate Abilities, Weirdness & Mutations

You have a beak for a mouth.
You are somewhat resistant to further mutation.


Message History

The necromancer gestures at you while chanting.
The bolt of fire hits you!
Casting: Flame Tongue
Confirm with . or Enter, or press ? or * to list all spells.
Aiming: Flame Tongue
Press: ? - help, Shift-Dir - straight line, f/p - necrophage
Aim: a necrophage (heavily damaged, inner flame)
The flame tongue hits the necrophage.
The necrophage is almost destroyed.
The necromancer casts a spell at you.
Your body is wracked with pain!
Casting: Flame Tongue
Confirm with . or Enter, or press ? or * to list all spells.
Aiming: Flame Tongue
Press: ? - help, Shift-Dir - straight line, f/p - necrophage
Aim: a necrophage (almost destroyed, inner flame)
The flame tongue misses the necrophage.
The necromancer gestures at you while chanting.
The bolt of fire hits you!
You die...

▓▓ ▓▓▓ .♣
♣.############ ♣♣♣
♣♣.#___#___#__# ..♣
♣..#..)#__.#np ≈♣♣
♣..###+#+###§##
≈.♣♣♣..#........@.#
≈≈♣.♣..'.⌠........#
≈≈≈≈♣..#...######+#
≈≈≈....#.⌠.#
≈≈.....#...#
.......#'###
.......#[[:#
.......#___#
▓▓▓▓▓▓▓▓▓▓▓▓


You could see a necromancer and a necrophage (inner flame).

Vanquished Creatures
  A deep elf mage (D)
  A water elemental (D)
  A wizard (D)
  Jessica (D)
  3 humans (D)
  A kobold demonologist (D)
  A wolf (D)
  An ooze (D)
  2 rats (D)
12 creatures vanquished.

Vanquished Creatures (others)
  2 draconian scorchers (D)
  6 hellions (D)
  2 yaktaurs (D)
  A plant (D)
11 creatures vanquished.

Grand Total: 23 creatures vanquished

Notes
Turn   | Place    | Note
-------+----------+-------------------------------------------
     0 | D        | Kidiri the Deep Elf Fire Elementalist began the quest for the Orb.
     0 | D        | Reached XP level 1. HP: 10/10 MP: 6/6
     6 | D        | Reached skill level 4 in Spellcasting
    56 | D        | Noticed Jessica
    66 | D        | Killed Jessica
    66 | D        | Reached skill level 1 in Fighting
    66 | D        | Reached skill level 1 in Armour
    66 | D        | Reached skill level 5 in Spellcasting
    66 | D        | Reached XP level 2. HP: 15/16 MP: 0/10
    66 | D        | Reached XP level 3. HP: 19/20 MP: 0/11
    70 | D        | Learned a level 2 spell: Throw Flame
    74 | D        | Learned a level 3 spell: Conjure Flame
    78 | D        | Learned a level 3 spell: Inner Flame
    90 | D        | Killed a hellion
   106 | D        | Killed a hellion
   123 | D        | Killed a hellion
   148 | D        | Killed a hellion
   148 | D        | Killed a hellion
   179 | D        | Reached skill level 6 in Spellcasting
   184 | D        | Killed a white draconian scorcher
   184 | D        | Killed a white draconian scorcher
   211 | D        | Killed a hellion
   279 | D        | Killed a yaktaur
   283 | D        | Gained mutation: Your magical capacity is low. (-10% MP) [potion of mutation]
   283 | D        | Gained mutation: Scrolls take you a little longer to read. [potion of mutation]
   283 | D        | Gained mutation: Your flesh is heat resistant. (rF+) [potion of mutation]
   284 | D        | Lost mutation: Your magical capacity is low. (-10% MP) [potion of mutation]
   284 | D        | Lost mutation: Your flesh is heat resistant. (rF+) [potion of mutation]
   284 | D        | Lost mutation: Scrolls take you a little longer to read. [potion of mutation]
   284 | D        | Gained mutation: Your magical capacity is low. (-10% MP) [potion of mutation]
   284 | D        | Gained mutation: You have a pair of small horns on your head. [potion of mutation]
   285 | D        | Lost mutation: You have a pair of small horns on your head. [potion of mutation]
   285 | D        | Lost mutation: Your magical capacity is low. (-10% MP) [potion of mutation]
   285 | D        | Gained mutation: You have sharp toenails. [potion of mutation]
   285 | D        | Gained mutation: You are partially covered in slimy green scales. (AC +2) [potion of mutation]
   285 | D        | Gained mutation: You have a beak for a mouth. [potion of mutation]
   286 | D        | Lost mutation: You have sharp toenails. [potion of mutation]
   286 | D        | Lost mutation: You are partially covered in slimy green scales. (AC +2) [potion of mutation]
   286 | D        | Gained mutation: You have sharp fingernails. [potion of mutation]
   286 | D        | Gained mutation: You possess an exceptional clarity of mind. [potion of mutation]
   287 | D        | Lost mutation: You possess an exceptional clarity of mind. [potion of mutation]
   287 | D        | Lost mutation: You have sharp fingernails. [potion of mutation]
   287 | D        | Gained mutation: You have a pair of small horns on your head. [potion of mutation]
   288 | D        | Lost mutation: You have a pair of small horns on your head. [potion of mutation]
   288 | D        | Gained mutation: You are somewhat resistant to further mutation. [potion of mutation]
   310 | D        | Noticed a water elemental
   312 | D        | Killed a water elemental
   312 | D        | Reached skill level 7 in Spellcasting
   312 | D        | Reached skill level 5 in Fire Magic
   312 | D        | Reached XP level 4. HP: 27/27 MP: 8/15
   314 | D        | Killed a yaktaur
   359 | D        | Found a radiant altar of Vehumet.
   360 | D        | Found a deep blue altar of Sif Muna.
   360 | D        | Found an ancient bone altar of Kikubaaqudgha.
   360 | D        | Noticed a wizard
   362 | D        | Killed a wizard
   362 | D        | Reached skill level 5 in Dodging
   362 | D        | Reached XP level 5. HP: 29/32 MP: 14/17
   366 | D        | Reached skill level 8 in Spellcasting
   372 | D        | Learned a level 4 spell: Sticky Flame
   378 | D        | Learned a level 5 spell: Fireball
   396 | D        | Became a worshipper of Vehumet
   411 | D        | Found a glowing silver altar of Zin.
   412 | D        | Found a glowing golden altar of the Shining One.
   412 | D        | Found a white marble altar of Elyvilon.
   412 | D        | Noticed a deep elf mage
   422 | D        | Killed a deep elf mage
   422 | D        | Reached skill level 10 in Spellcasting
   422 | D        | Reached XP level 6. HP: 32/39 MP: 14/21
   422 | D        | Reached XP level 7. HP: 36/44 MP: 15/23
   427 | D        | Learned a level 3 spell: Mephitic Cloud
   464 | D        | Learned a level 6 spell: Bolt of Fire
   480 | D        | Found a hide-covered altar of Uskayaw.
   480 | D        | Found a roughly hewn altar of Beogh.
   480 | D        | Found an iron altar of Okawaru.
   480 | D        | Found a bloodstained altar of Trog.
   480 | D        | Found an ornate altar of the Wu Jian Council.
   480 | D        | Noticed a human
   483 | D        | Noticed a human
   483 | D        | Killed a human
   483 | D        | Reached skill level 11 in Spellcasting
   483 | D        | Reached skill level 1 in Air Magic
   483 | D        | Reached skill level 1 in Poison Magic
   486 | D        | Killed a human
   486 | D        | Reached * piety under Vehumet
   486 | D        | Offered knowledge of Shock by Vehumet.
   489 | D        | Learned a level 1 spell: Shock
   574 | D        | Found a basalt altar of Yredelemnul.
   574 | D        | Found a shadowy altar of Dithmenos.
   574 | D        | Found a sacrificial altar of Ru.
   581 | D        | Killed from afar by a necromancer

Vault maps used:
D:        dungeon_sprint_mu

Skill      XL: |  1  2  3  4  5  6  7 |
---------------+----------------------+-----
Spellcasting   | 5 7 10 11 | 11.5
Fighting       | 1 2 4 |  4.7
Armour         | 1 2 4 |  4.8
Dodging        | 3 4 5 7 |  7.6
Conjurations   | 2 3 4 6 |  6.5
Fire Magic     | 4 5 7 |  7.4
Short Blades   | 3 4 |  4.2
Air Magic      | 1 |  1.9
Poison Magic   | 2 |  2.1
Stealth        | |  2.4

Action                   |  1- 3 |  4- 6 |  7- 9 || total
-------------------------+-------+-------+-------++-------
Melee: Unarmed           |     2 |       |       ||     2
       Dagger            |       |     1 |       ||     1
 Cast: Flame Tongue      |    20 |     6 |     8 ||    34
       Throw Flame       |     3 |       |       ||     3
       Conjure Flame     |     1 |       |     2 ||     3
       Sticky Flame      |       |     1 |       ||     1
       Fireball          |       |       |     2 ||     2
       Inner Flame       |       |       |     1 ||     1
  Use: Potion            |     6 |       |       ||     6
       Scroll            |     2 |     1 |       ||     3
 Stab: Sleeping          |       |     1 |       ||     1
Armor: Robe              |     1 |       |       ||     1
Dodge: Dodged            |     6 |     2 |       ||     8
